MLB
PHILADELPHIA PHILLIES @ KANSAS CITY ROYALS
06/05/2098
 
TOP OF THE 1ST
Philadelphia Phillies batting - Pitching for Kansas City Royals : RHP George Dunham
Pitching: RHP George Dunham
Batting: RHB Ryan Klepper 0-0: Foul Ball, location: 9LMF
0-1: Ball
1-1: Called Strike
1-2: Ball
2-2: Strikes out swinging
Batting: RHB Jason Waid 0-0: Foul Ball, location: 3F
0-1: Ball
1-1: Called Strike
1-2: Ball
2-2: Foul Ball, location: 2F
2-2: Strikes out swinging
Batting: SHB Tim Spotton 0-0: Called Strike
0-1: Called Strike
0-2: Ball
1-2: Ball
2-2: Reached on error, E5 (Groundball, 5S, EV 86.3 MPH)
Batting: SHB Pete Ray 0-0: Called Strike
0-1: Foul Ball, location: 2F
0-2: Ball
1-2: Ball
2-2: Foul Ball, location: 7LMF
2-2: Ball
3-2: Foul Ball, location: 3FF
3-2: Fly out, F8 (Flyball, 8RXD, EV 96.9 MPH)
Top of the 1st over - 0 runs, 0 hits, 1 error, 1 left on base; Philadelphia 0 - Kansas City 0
BOTTOM OF THE 1ST
Kansas City Royals batting - Pitching for Philadelphia Phillies : RHP Kyle O'Brien
Pitching: RHP Kyle O'Brien
Batting: LHB Takashi Nakata 0-0: Ground out 3-1 (Groundball, 13, EV 80.6 MPH)
Batting: RHB Maxwell Judson 0-0: Foul Ball, location: 2F
0-1: Ball
1-1: Ball
2-1: SINGLE (Groundball, 6MD, EV 106.3 MPH)
Batting: LHB Jorge Castillo 0-0: Swinging Strike
0-1: Foul Ball, location: 3FF
0-2: Strikes out looking
Batting: RHB Kevin Stark 0-0: Foul Ball, location: 5FF
0-1: Ball
1-1: Swinging Strike
1-2: Ball
2-2: DOUBLE (Groundball, 5L, EV 107.5 MPH)
Maxwell Judson to third
Runner from 3rd tries for Home, SAFE, throw by LF to home
Batting: LHB Tony Monterosa 0-0: Ball
1-0: Hit by Pitch
Batting: LHB Mike Andreas 0-0: Ball
1-0: Foul Ball, location: 2F
1-1: SINGLE (Line Drive, 89S, EV 93.1 MPH)
Kevin Stark to third
Tony Monterosa to second
Runner from 3rd tries for Home, SAFE, throw by RF to home
Batting: RHB Jacob Huckaby 0-0: Ball
1-0: Called Strike
1-1: Swinging Strike
1-2: Strikes out swinging
Bottom of the 1st over - 2 runs, 3 hits, 0 errors, 2 left on base; Philadelphia 0 - Kansas City 2
TOP OF THE 2ND
Philadelphia Phillies batting - Pitching for Kansas City Royals : RHP George Dunham
Batting: RHB Luis Esquivel 0-0: Ball
1-0: Fly out, F7 (Flyball, 78S, EV 87.5 MPH)
Pitching: RHP Rick Whitley
Batting: RHB Vicente Vargas 0-0: Ball
1-0: Ball
2-0: Called Strike
2-1: Ball
3-1: Foul Ball, location: 3F
3-2: Strikes out swinging
Batting: RHB Allan Alessi 0-0: Ball
1-0: Called Strike
1-1: Ball
2-1: Called Strike
2-2: Foul Ball, location: 2F
2-2: Ball
3-2: Strikes out looking
Top of the 2nd over - 0 runs, 0 hits, 0 errors, 0 left on base; Philadelphia 0 - Kansas City 2
BOTTOM OF THE 2ND
Kansas City Royals batting - Pitching for Philadelphia Phillies : RHP Kyle O'Brien
Batting: LHB Danny Bonilla 0-0: Ball
1-0: Called Strike
1-1: Swinging Strike
1-2: Fly out, F9 (Flyball, 9D, EV 102.5 MPH)
Batting: RHB Tim Kingsley 0-0: Ball
1-0: Fly out, F6 (Popup, 15, EV 88.1 MPH)
Batting: LHB Takashi Nakata 0-0: Called Strike
0-1: Foul Ball, location: 2F
0-2: Ball
1-2: Ball
2-2: Ball
3-2: Base on Balls
Batting: RHB Maxwell Judson 0-0: Ground out 1-3 (Groundball, 34S, EV 64.4 MPH)
Bottom of the 2nd over - 0 runs, 0 hits, 0 errors, 1 left on base; Philadelphia 0 - Kansas City 2
TOP OF THE 3RD
Philadelphia Phillies batting - Pitching for Kansas City Royals : RHP Rick Whitley
Batting: RHB Aaron Marler 0-0: Ball
1-0: Fly out, F5 (Popup, 56S, EV 85.0 MPH)
Batting: RHB Josh Hester 0-0: Called Strike
0-1: Swinging Strike
0-2: Ball
1-2: SINGLE (Line Drive, 7S, EV 89.4 MPH)
Batting: RHB Ryan Klepper 0-0: Called Strike
0-1: Ball
1-1: Ball
2-1: Swinging Strike
2-2: Fly out, F9 (Flyball, 9S, EV 96.3 MPH)
Batting: RHB Jason Waid 0-0: SINGLE (Line Drive, 5D, EV 99.4 MPH)
Josh Hester to second
Batting: SHB Tim Spotton 0-0: Called Strike
0-1: Ground out 4-3 (Groundball, 34D, EV 103.1 MPH)
Top of the 3rd over - 0 runs, 2 hits, 0 errors, 2 left on base; Philadelphia 0 - Kansas City 2
BOTTOM OF THE 3RD
Kansas City Royals batting - Pitching for Philadelphia Phillies : RHP Kyle O'Brien
Batting: LHB Jorge Castillo 0-0: Called Strike
0-1: Fly out, F2 (Popup, 2RF, EV 95.6 MPH)
Batting: RHB Kevin Stark 0-0: Foul Ball, location: 7LMF
0-1: Foul Ball, location: 2F
0-2: Strikes out swinging
Batting: LHB Tony Monterosa 0-0: Ball
1-0: Fly out, F7 (Flyball, 78M, EV 89.4 MPH)
Bottom of the 3rd over - 0 runs, 0 hits, 0 errors, 0 left on base; Philadelphia 0 - Kansas City 2
TOP OF THE 4TH
Philadelphia Phillies batting - Pitching for Kansas City Royals : RHP Rick Whitley
Batting: SHB Pete Ray 0-0: Called Strike
0-1: Ball
1-1: Ball
2-1: Fly out, F5 (Popup, 56S, EV 85.0 MPH)
Batting: RHB Luis Esquivel 0-0: Called Strike
0-1: Ball
1-1: Swinging Strike
1-2: Ball
2-2: Strikes out looking
Batting: RHB Vicente Vargas 0-0: Called Strike
0-1: Ball
1-1: Called Strike
1-2: Foul Ball, location: 2F
1-2: Hit by Pitch
Pitching: LHP Jim Garvelink
Batting: RHB Allan Alessi 0-0: Ball
1-0: Called Strike
1-1: Foul Ball, location: 5F
1-2: Ball
2-2: Foul Ball, location: 9LSF
2-2: Strikes out looking
Top of the 4th over - 0 runs, 0 hits, 0 errors, 1 left on base; Philadelphia 0 - Kansas City 2
BOTTOM OF THE 4TH
Kansas City Royals batting - Pitching for Philadelphia Phillies : RHP Kyle O'Brien
Batting: LHB Mike Andreas 0-0: Ball
1-0: Called Strike
1-1: Swinging Strike
1-2: Foul Ball, location: 5SF
1-2: Ball
2-2: Ball
3-2: Ground out 2-3 (Groundball, 2L, EV 70.0 MPH)
Batting: RHB Jacob Huckaby 0-0: Ball
1-0: Ground out 5-3 (Groundball, 56, EV 90.6 MPH)
Batting: LHB Danny Bonilla 0-0: Ball
1-0: Called Strike
1-1: Ground out 6-3 (Groundball, 56, EV 103.1 MPH)
Bottom of the 4th over - 0 runs, 0 hits, 0 errors, 0 left on base; Philadelphia 0 - Kansas City 2
TOP OF THE 5TH
Philadelphia Phillies batting - Pitching for Kansas City Royals : LHP Jim Garvelink
Batting: RHB Aaron Marler 0-0: Called Strike
0-1: Foul Ball, location: 5F
0-2: Foul Ball, location: 9LDF
0-2: Foul Ball, location: 2F
0-2: Strikes out swinging
Batting: RHB Josh Hester 0-0: Swinging Strike
0-1: Ball
1-1: Foul Ball, location: 9LDF
1-2: Ball
2-2: Ball
3-2: Strikes out swinging
Batting: RHB Ryan Klepper 0-0: Ball
1-0: Fly out, F8 (Flyball, 8RXD, EV 103.8 MPH)
Top of the 5th over - 0 runs, 0 hits, 0 errors, 0 left on base; Philadelphia 0 - Kansas City 2
BOTTOM OF THE 5TH
Kansas City Royals batting - Pitching for Philadelphia Phillies : RHP Kyle O'Brien
Batting: RHB Tim Kingsley 0-0: Called Strike
0-1: Ball
1-1: Ground out 4-3 (Groundball, 34, EV 103.8 MPH)
Batting: LHB Takashi Nakata 0-0: Called Strike
0-1: Ball
1-1: Ball
2-1: Fly out, F9 (Flyball, 9, EV 92.5 MPH)
Batting: RHB Maxwell Judson 0-0: Foul Ball, location: 9LMF
0-1: Swinging Strike
0-2: Foul Ball, location: 3FF
0-2: Foul Ball, location: 2F
0-2: Ball
1-2: Ball
2-2: Foul Ball, location: 9LMF
2-2: Ball
3-2: Foul Ball, location: 2RF
3-2: Ground out 3-1 (Groundball, 34S, EV 83.1 MPH)
Bottom of the 5th over - 0 runs, 0 hits, 0 errors, 0 left on base; Philadelphia 0 - Kansas City 2
TOP OF THE 6TH
Philadelphia Phillies batting - Pitching for Kansas City Royals : LHP Jim Garvelink
Batting: RHB Jason Waid 0-0: Called Strike
0-1: Ball
1-1: Foul Ball, location: 7LSF
1-2: Strikes out swinging
Batting: SHB Tim Spotton 0-0: Ball
1-0: Called Strike
1-1: Ball
2-1: Ball
3-1: Base on Balls
Batting: SHB Pete Ray 0-0: Called Strike
0-1: Foul Ball, location: 9LSF
0-2: Ball
1-2: Ball
2-2: Ball
3-2: Foul Ball, location: 9LSF
3-2: Fly out, F8 (Flyball, 8LXD, EV 91.9 MPH)
Pitching: RHP Jon Cook
Batting: RHB Luis Esquivel 0-0: Called Strike
0-1: Ball
1-1: Ball
Tim Spotton is caught stealing 2nd base 2-4
Top of the 6th over - 0 runs, 0 hits, 0 errors, 0 left on base; Philadelphia 0 - Kansas City 2
BOTTOM OF THE 6TH
Kansas City Royals batting - Pitching for Philadelphia Phillies : RHP Kyle O'Brien
Pitching: RHP DeAndre Hart
Batting: LHB Jorge Castillo 0-0: Called Strike
0-1: SOLO HOME RUN (Flyball, 7D, EV 100.6 MPH), Distance : 375 ft
Batting: RHB Kevin Stark 0-0: Ball
1-0: SOLO HOME RUN (Flyball, 9LD, EV 94.4 MPH), Distance : 358 ft
Batting: LHB Tony Monterosa 0-0: Called Strike
0-1: Ball
1-1: Fly out, F7 (Flyball, 7D, EV 109.4 MPH)
Batting: LHB Mike Andreas 0-0: Ball
1-0: Foul Ball, location: 3FF
1-1: Foul Ball, location: 23F
1-2: Ball
2-2: Ball
3-2: Base on Balls
Batting: RHB Jacob Huckaby 0-0: Ball
1-0: Ball
2-0: SINGLE (Line Drive, 7LS, EV 89.4 MPH)
Mike Andreas to second
Batting: LHB Danny Bonilla 0-0: Foul Ball, location: 23FF
0-1: Foul Ball, location: 5SF
0-2: Foul Ball, location: 2F
0-2: Strikes out swinging
Batting: RHB Tim Kingsley 0-0: Ball
1-0: Called Strike
1-1: Ball
2-1: Fly out, F8 (Flyball, 8RD, EV 78.8 MPH)
Bottom of the 6th over - 2 runs, 3 hits, 0 errors, 2 left on base; Philadelphia 0 - Kansas City 4
TOP OF THE 7TH
Philadelphia Phillies batting - Pitching for Kansas City Royals : RHP Jon Cook
Batting: RHB Luis Esquivel 0-0: Ball
1-0: Foul Ball, location: 9LMF
1-1: Fly out, F2 (Popup, 15S, EV 85.0 MPH)
Batting: RHB Vicente Vargas 0-0: Called Strike
0-1: Ball
1-1: Called Strike
1-2: Foul Ball, location: 2F
1-2: Strikes out looking
Batting: RHB Allan Alessi 0-0: Ball
1-0: Called Strike
1-1: Swinging Strike
1-2: Strikes out swinging
Top of the 7th over - 0 runs, 0 hits, 0 errors, 0 left on base; Philadelphia 0 - Kansas City 4
BOTTOM OF THE 7TH
Kansas City Royals batting - Pitching for Philadelphia Phillies : RHP DeAndre Hart
Pitching: LHP Bronson Kellerman
Pinch Hitting: RHB Travis Bernsen 0-0: Foul Ball, location: 2F
0-1: Ball
1-1: Called Strike
1-2: Foul Ball, location: 23F
1-2: DOUBLE (Groundball, 5L, EV 109.4 MPH)
Batting: RHB Maxwell Judson 0-0: Called Strike
0-1: Ball
1-1: Ball
2-1: Swinging Strike
2-2: Strikes out looking
Batting: LHB Jorge Castillo 0-0: Foul Ball, location: 2F
0-1: Fly out, F6 (Popup, 4M, EV 75.6 MPH)
Batting: RHB Kevin Stark 0-0: Called Strike
0-1: Swinging Strike
0-2: Foul Ball, location: 2F
0-2: Strikes out swinging
Bottom of the 7th over - 0 runs, 1 hit, 0 errors, 1 left on base; Philadelphia 0 - Kansas City 4
TOP OF THE 8TH
Philadelphia Phillies batting - Pitching for Kansas City Royals : RHP Jon Cook
Now at 1B: Maxwell Judson
Now in LF: David Bazley
Batting: RHB Aaron Marler 0-0: Called Strike
0-1: Ball
1-1: Ball
2-1: Fly out, F8 (Flyball, 8LS, EV 90.0 MPH)
Batting: RHB Josh Hester 0-0: Foul Ball, location: 5DF
0-1: Ball
1-1: Called Strike
1-2: Ball
2-2: Foul Ball, location: 2F
2-2: Strikes out looking
Batting: RHB Ryan Klepper 0-0: Ball
1-0: Foul Ball, location: 2LF
1-1: Ball
2-1: Ball
3-1: Foul Ball, location: 2F
3-2: SINGLE (Groundball, 6MS, EV 89.4 MPH) (infield hit)
Pitching: RHP Pat Teague
Batting: RHB Jason Waid 0-0: Called Strike
0-1: SINGLE (Groundball, 34S, EV 89.4 MPH)
Ryan Klepper to second
Runner from 2nd tries for 3rd, SAFE, no throw by RF
Batting: SHB Tim Spotton 0-0: Ball
1-0: Ball
2-0: Called Strike
2-1: Ball
3-1: Fly out, F8 (Flyball, 8LM, EV 91.3 MPH)
Top of the 8th over - 0 runs, 2 hits, 0 errors, 2 left on base; Philadelphia 0 - Kansas City 4
BOTTOM OF THE 8TH
Kansas City Royals batting - Pitching for Philadelphia Phillies : LHP Bronson Kellerman
Pitching: RHP Chris Windows
Batting: LHB Tony Monterosa 0-0: Ball
1-0: Called Strike
1-1: Called Strike
1-2: Foul Ball, location: 2F
1-2: Strikes out swinging
Batting: LHB Mike Andreas 0-0: Ball
1-0: Called Strike
1-1: Swinging Strike
1-2: Ball
2-2: Strikes out swinging
Batting: RHB Jacob Huckaby 0-0: Foul Ball, location: 2F
0-1: Ball
1-1: Called Strike
1-2: Fly out, F8 (Flyball, 8RS, EV 90.0 MPH)
Bottom of the 8th over - 0 runs, 0 hits, 0 errors, 0 left on base; Philadelphia 0 - Kansas City 4
TOP OF THE 9TH
Philadelphia Phillies batting - Pitching for Kansas City Royals : RHP Pat Teague
Batting: SHB Pete Ray 0-0: Foul Ball, location: 2F
0-1: Ball
1-1: Called Strike
1-2: Ball
2-2: Ground out 6-3 (Groundball, 6, EV 110.6 MPH)
Batting: RHB Luis Esquivel 0-0: Ball
1-0: Ball
2-0: Ball
3-0: Called Strike
3-1: DOUBLE (Line Drive, 89XD, EV 103.1 MPH)
Batting: RHB Vicente Vargas 0-0: Called Strike
0-1: Ball
1-1: Foul Ball, location: 23FF
1-2: Ball
2-2: Foul Ball, location: 9LMF
2-2: DOUBLE (Flyball, 89XD, EV 95.6 MPH)
Luis Esquivel scores
Pitching: LHP B.J. Edwards
Batting: RHB Allan Alessi 0-0: Ball
1-0: Ball
2-0: Ground out 5-3 (Groundball, 5S, EV 93.1 MPH)
Vicente Vargas to third
Batting: RHB Aaron Marler 0-0: Ball
1-0: Ball
2-0: Ball
3-0: Called Strike
3-1: SINGLE (Line Drive, 89S, EV 86.9 MPH)
Vicente Vargas scores
Batting: RHB Josh Hester 0-0: Called Strike
0-1: Ball
1-1: Ball
2-1: Ball
3-1: Ground out 4-3 (Groundball, 4, EV 102.5 MPH)
Top of the 9th over - 2 runs, 3 hits, 0 errors, 1 left on base; Philadelphia 2 - Kansas City 4
Saturday, April 6th , 2024 - OOTP Baseball 24.11 Build 85